 Dungeon Crawl Stone Soup version 0.27-a0-1200-g94dc6ad4cf (webtiles) character file.

Game seed: 12490477988089839838

386 bilbop the Cudgeller (level 6, -2/56 HPs)
             Began as a Minotaur Fighter on May 31, 2021.
             Slain by a centaur (3 damage)
             ... on level 5 of the Dungeon.
             The game lasted 00:12:15 (3559 turns).

bilbop the Cudgeller (Minotaur Fighter)             Turns: 3559, Time: 00:12:15

Health: -2/56      AC:  9    Str: 22    XL:     6   Next: 48%
Magic:  5/5        EV:  7    Int:  5    God:
Gold:   173        SH: 10    Dex: 16    Spells: 5/5 levels left

rFire    + . .     SeeInvis .   a - +0 flail
rCold    + . .     Faith    .   c - +0 kite shield
rNeg     . . .     Spirit   .   b - +0 scale mail
rPois    .         Reflect  .   (helmet restricted)
rElec    .         Harm     .   A - scarf {rC+ rF+}
rCorr    .         Rampage  .   D - +0 pair of gloves
Will     .....                  y - +0 pair of boots
Stlth    ..........             (no amulet)
HPRegen  0.18/turn              k - +6 ring of dexterity
MPRegen  0.09/turn              r - ring of flight

@: flying
A: horns 2, retaliatory headbutt
a: no special abilities


You were on level 5 of the Dungeon.
You visited 1 branch of the dungeon, and saw 5 of its levels.

You collected 173 gold pieces.

Inventory:

Hand Weapons
 a - a +0 flail (weapon)
Missiles
 g - 5 atropa-tipped darts (quivered)
 p - 43 sling bullets
Armour
 b - a +0 scale mail (worn)
 c - a +0 kite shield (worn)
 y - a +0 pair of boots (worn)
 A - a scarf of resistance (worn)
 D - a +0 pair of gloves (worn)
Jewellery
 h - a ring of ice
 k - a +6 ring of dexterity (left hand)
 r - a ring of flight (right hand)
 w - a ring of protection from cold
Wands
 n - a wand of flame (25)
 t - a wand of mindburst (18)
Scrolls
 e - 5 scrolls of identify {unknown}
 f - a scroll of teleportation {unknown}
 i - a scroll of magic mapping {unknown}
 j - a scroll of enchant armour {unknown}
 l - 2 scrolls of fear {unknown}
 v - a scroll of enchant weapon {unknown}
 x - a scroll of fog {unknown}
 z - 3 scrolls of noise {unknown}
 C - a scroll of immolation {unknown}
 E - a scroll of amnesia {unknown}
Potions
 d - a potion of might
 m - 2 potions of berserk rage {unknown}
 o - a potion of brilliance {unknown}
 q - a potion of ambrosia {unknown}
 s - 2 potions of curing {unknown}
 u - a potion of attraction {unknown}
 B - a potion of invisibility {unknown}


   Skills:
 + Level 5.1 Fighting
 * Level 5.5 Maces & Flails
 + Level 5.1 Armour
 + Level 5.1 Shields


You had 5 spell levels left.
You didn't know any spells.
Your spell library contained the following spells:

 Spells                   Type           Power      Damage    Failure   Level
 Animate Skeleton         Necr           0%         N/A       99%         1
 Magic Dart               Conj           0%         1d3       99%         1
 Pain                     Necr           0%         1d4       99%         1
 Searing Ray              Conj           0%         3d3       100%        2
 Dazzling Flash           Conj/Hex       0%         N/A       100%        3
 Vampiric Draining        Necr           0%         2d6       100%        3
 Animate Dead             Necr           0%         N/A       100%        4
 Fulminant Prism          Conj/Hex       0%         3d6       100%        4
 Iskenderun's Mystic Bla  Conj/Tloc      0%         2d3       100%        4
 Agony                    Necr           0%         N/A       100%        5


Dungeon Overview and Level Annotations

Branches:
Dungeon (5/15)
 Temple: D:4-7

Altars:
Elyvilon
Fedhas
Vehumet
Yredelemnul

Shops:
D:1 :


Innate Abilities, Weirdness & Mutations

You have a pair of horns on your head.
You reflexively headbutt those who attack you in melee.


Message History

Beogh smites you!
The jackal bites you but does no damage.
You are too injured to fight recklessly!
You are too injured to fight recklessly!
You are too injured to fight recklessly!
You are too injured to fight recklessly!
You completely miss the jackal.
The centaur unwields a +0 shortbow.
You block the centaur's attack. x2
The jackal bites you but does no damage.
The kobold hits you. The centaur hits you.
The centaur kicks you but does no damage.
The jackal closely misses you.
You barely miss the jackal.
The centaur hits you but does no damage.
The centaur kicks you but does no damage.
The kobold barely misses you.
A centaur comes into view.
The jackal closely misses you. You furiously retaliate!
You headbutt the jackal, but do no damage.
The centaur hits you.
The centaur kicks you but does no damage.
You block the kobold's attack.
You sock the jackal!
You kill the jackal!
The centaur hits you but does no damage.
The centaur kicks you but does no damage.
The centaur wields a +0 shortbow.
The centaur shoots an arrow.
The arrow hits you.
* * * LOW HITPOINT WARNING * * *
You block the kobold's attack.
The orc priest calls down the wrath of Beogh upon you.
Beogh smites you!
* * * LOW HITPOINT WARNING * * *
You block the centaur's attack.
The centaur kicks you but does no damage.
The centaur unwields a +0 shortbow.
The centaur closely misses you. You furiously retaliate!
You headbutt the centaur, but do no damage.
You block the centaur's attack. The centaur hits you.
You die...

.o.. #.o.# #
.... .##
..#.h. ....
..h...#####..#
..h.....#....#
#.#....#
#.#####cc.#
#......@o.#
#.#####K..#
#..[# #.<.#
#...# #...#
..... .......
.........


You could see 2 centaurs, an orc priest and a kobold.

Vanquished Creatures
  A black bear (D:4)
  A scorpion (D:2)
  A water moccasin skeleton (D:4)
  A gnoll shaman (D:4)
  3 gnolls (D:4)
  3 adders
  2 adder skeletons (D:4)
  A worm (D:2)
  4 dart slugs
  6 orcs
  7 ball pythons
  6 bats
  5 endoplasms
  7 giant cockroaches
  5 goblins
  3 hobgoblins
  6 jackals
  A quokka (D:1)
  4 frilled lizards (D:1)
  11 kobolds
  6 rats
84 creatures vanquished.

Vanquished Creatures (others)
  3 plants (D:4)
3 creatures vanquished.

Grand Total: 87 creatures vanquished

Notes
Turn   | Place    | Note
-------+----------+-------------------------------------------
     0 | D:1      | bilbop the Minotaur Fighter began the quest for the Orb.
     0 | D:1      | Reached XP level 1. HP: 19/19 MP: 0/0
    11 | D:1      | Noticed a minotaur skeleton
    17 | D:1      | Noticed a minotaur skeleton
   310 | D:1      | Reached XP level 2. HP: 27/27 MP: 1/1
   370 | D:1      | Found Wiew's Book Shop.
   929 | D:2      | Found a faded altar of an unknown god.
   961 | D:2      | Reached XP level 3. HP: 30/33 MP: 2/2
  1000 | D:2      | Noticed a scorpion
  1007 | D:2      | Killed a scorpion
  1008 | D:2      | Reached XP level 4. HP: 40/40 MP: 3/3
  2298 | D:4      | Reached XP level 5. HP: 40/47 MP: 4/4
  2358 | D:4      | Found a basalt altar of Yredelemnul.
  2360 | D:4      | Found a white marble altar of Elyvilon.
  2365 | D:4      | Found a blossoming altar of Fedhas.
  2659 | D:4      | Noticed a black bear
  2662 | D:4      | Reached skill level 5 in Maces & Flails
  3096 | D:4      | Killed a black bear
  3097 | D:4      | Reached skill level 5 in Fighting
  3097 | D:4      | Reached skill level 5 in Armour
  3097 | D:4      | Reached skill level 5 in Shields
  3097 | D:4      | Reached XP level 6. HP: 35/56 MP: 5/5
  3534 | D:5      | Entered Level 5 of the Dungeon
  3542 | D:5      | Found a radiant altar of Vehumet.
  3558 | D:5      | HP: 1/56 [orc priest/divine providence (12)]
  3559 | D:5      | Slain by a centaur

Illustrated notes

Levels and vault maps discovered:
D:1:      shiori_arrival_whats_in_store_for_you, layout_basic, serial_shops,
          shop
D:2:      layout_loops_cross, hellmonk_ecumenical_altar_pennies_from_heaven
D:3:      layout_loops_cross
D:4:      layout_basic, gammafunk_temple_overflow_forgotten, grunt_tough_drop
D:5:      layout_loops_cross, vehumet_altar_wand_db, marbit_many_paths,
          minmay_temple_entry_crystal_x

Skill      XL: |  1  2  3  4  5 |
---------------+----------------+-----
Maces & Flails | 3 4 5 |  5.5
Fighting       | 4 5 |  5.1
Armour         | 4 5 |  5.1
Shields        | 4 5 |  5.1

Action                   |  1- 3 |  4- 6 || total
-------------------------+-------+-------++-------
Melee: Flail             |    47 |   143 ||   190
       Headbutt          |     5 |    30 ||    35
Armor: Scale mail        |    15 |    79 ||    94
Dodge: Dodged            |    13 |    48 ||    61
Block: Kite shield       |    25 |    95 ||   120

Table legend: (Time is in decaauts)
 A = Elapsed time spent in this place.
 B = Non-inter-level travel time spent in this place.
 C = Inter-level travel time spent in this place.
 D = Time resting spent in this place.
 E = Time spent auto-exploring this place.
 F = Levels seen in this place.
 G = Mean time per level.
                   A        B        C        D        E       F      G
               +--------+--------+--------+--------+--------+-----+--------+
         Total |   3636 |   3467 |    169 |    280 |   2629 |   5 |  727.2 |
       Dungeon |   3636 |   3467 |    169 |    280 |   2629 |   5 |  727.2 |
               +--------+--------+--------+--------+--------+-----+--------+

Top non-repeatable levels by time:
     D:4: 1035 daAuts
     D:1: 947 daAuts
     D:3: 887 daAuts
     D:2: 738 daAuts
     D:5: 28 daAuts
